 Dungeon Crawl Stone Soup version 0.19-a0-1185-gacb3972 (webtiles) character file.

72 Duffy the Insei (level 4, 0/23 HPs)
             Began as a Vine Stalker Transmuter on Aug 18, 2016.
             Succumbed to an adder's poison
             ... on level 3 of the Dungeon.
             The game lasted 00:02:02 (1473 turns).

Duffy the Insei (Vine Stalker Transmuter)           Turns: 1473, Time: 00:02:03

Health: 0/23       AC:  2    Str: 13    XL:     4   Next: 25%
Magic:  1/9        EV: 12    Int: 14    God:
Gold:   101        SH:  0    Dex: 14    Spells: 3 memorised, 3 levels left

rFire  . . .     SeeInvis .       - Unarmed
rCold  . . .     Gourm    .     b - +0 robe
rNeg   + . .     Faith    .     (no shield)
rPois  .         Spirit   +     (no helmet)
rElec  .         Dismiss  .     (no cloak)
rCorr  .         Reflect  .     (no gloves)
MR     .....     Harm     .     (no boots)
Stlth  +.........               (no amulet)
                                (no ring)
                                r - ring of positive energy

@: lethally poisoned (0 -> -4), very slightly contaminated
A: fangs 2, regeneration 1, magic shield, antimagic bite, no device heal 3, rot
immunity
a: no special abilities


You were on level 3 of the Dungeon.
You were not hungry.

You visited 1 branch of the dungeon, and saw 3 of its levels.

You collected 101 gold pieces.

Inventory:

Missiles
 a - 12 arrows
Armour
 b - a +0 robe (worn)
Jewellery
 r - a ring of positive energy (left hand)
Scrolls
 e - a scroll of remove curse {unknown}
 g - a scroll of blinking {unknown}
 h - 2 scrolls of magic mapping {unknown}
 k - a scroll of teleportation {unknown}
 l - a scroll of identify {unknown}
 n - a scroll of immolation {unknown}
 o - a scroll of enchant armour {unknown}
Potions
 f - 2 potions of curing {unknown}
 j - a potion of degeneration {unknown}
 m - a potion of might {unknown}
 p - a potion of lignification {unknown}
 q - a potion of magic {unknown}
Books
 c - a book of Changes

   Spells                             Type                      Level
   a - Beastly Appendage              Transmutation                1
   b - Sticks to Snakes               Transmutation                2
   c - Spider Form                    Transmutation/Poison         3
   d - Ice Form                       Ice/Transmutation            4
   e - Blade Hands                    Transmutation                5
Comestibles
 d - 2 bread rations
 i - 2 chunks of flesh


   Skills:
 + Level 2.0 Fighting
 - Level 1.5 Dodging
 * Level 3.8 Unarmed Combat
 - Level 3.0 Spellcasting
 - Level 2.0 Transmutations
 + Level 0.6 Poison Magic


You had 3 spell levels left.
You knew the following spells:

 Your Spells              Type           Power        Failure   Level  Hunger
a - Spider Form           Tmut/Pois      #.........   38%         3    ###....
b - Sticks to Snakes      Tmut           #.......     17%         2    ##.....
c - Beastly Appendage     Tmut           #.....       12%         1    #......


Dungeon Overview and Level Annotations

Branches:
Dungeon (3/15)

Altars:
Sif Muna


Innate Abilities, Weirdness & Mutations

You have extremely sharp teeth.
Your natural rate of healing is unusually fast.
When hurt, damage is shared between your health and your magic reserves.
Your bite disrupts and absorbs the magic of your enemies.
Potions and wands cannot restore your health.
You are immune to rotting.


Message History

The orc priest hits you.
The orc priest mumbles some strange prayers to Beogh against you.
Beogh smites you!
Ouch! That really hurt!
The orc misses you.
You kill the orc priest!
Your Fighting skill increases to level 2!
You have reached level 4!
You feel stronger. The adder barely misses you.
You hit the adder.
The adder is poisoned.
The adder is severely wounded.
The adder bites you.
You are lethally poisoned!
The adder poisons you! The adder misses you.
You hit the adder but do no damage.
The adder looks as sick as possible!
The adder is almost dead.
Your transformation has ended.
Your +0 robe unmelds from your body.
You die...

.......'.....................
#......#####)#########..##.##
##..... #.# ##.##.# #.....
#.# #######.##.## #..... #.#
............# #..... #.#
#######.##..# #..... #.#
#..#..# ###### #.# ##.#..#
#@# ### #....# ####S##....
#...## #..oo......# #...#
#........... #.....
#######........... ###.##
#..........#####.# #.#
.....w......... # #.#
................ .#
................


You could see a worm, an adder and 2 orcs.

Vanquished Creatures
  An orc priest (D:3)
  A worm (D:3)
  A dart slug (D:1)
  A giant gecko (D:1)
  2 giant cockroaches (D:1)
  6 goblins
  4 hobgoblins
  A quokka (D:2)
  5 bats
  3 giant newts (D:1)
  5 kobolds
  7 rats
37 creatures vanquished.

Notes
Turn   | Place    | Note
-------+----------+-------------------------------------------
     0 | D:1      | Duffy the Vine Stalker Transmuter began the quest for the Orb.
     0 | D:1      | Reached XP level 1. HP: 9/9 MP: 4/4
    48 | D:1      | Reached skill level 1 in Fighting
   158 | D:1      | Reached XP level 2. HP: 12/14 MP: 6/6
   448 | D:1      | Reached XP level 3. HP: 18/18 MP: 8/8
   695 | D:1      | Learned a level 2 spell: Sticks to Snakes
   699 | D:1      | Learned a level 3 spell: Spider Form
  1120 | D:2      | Found a deep blue altar of Sif Muna.
  1469 | D:3      | Reached XP level 4. HP: 1/23 MP: 0/9
  1472 | D:3      | HP: 1/23 [adder (1)]
  1473 | D:3      | Succumbed to an adder's poison

Vault maps used:
D:1:      dpeg_arrival_yet_another_circle
D:2:      lemuel_round_altar, minmay_split_cup_small
D:3:      gup_sewer_entry_spiral, uniq_iyjb

Skill      XL: |  1  2  3 |
---------------+----------+-----
Fighting       | 1 2 |  2.0
Spellcasting   | 3 |  3.0
Dodging        | |  1.5
Unarmed Combat | |  3.8
Transmutations | |  2.0
Poison Magic   | |  0.6

Action                   |  1- 3 |  4- 6 || total
-------------------------+-------+-------++-------
Melee: Unarmed           |   111 |     2 ||   113
       Bite              |    26 |       ||    26
       Punch             |     1 |       ||     1
 Cast: Spider Form       |     1 |       ||     1
 Stab: Sleeping          |     2 |       ||     2
  Eat: Meat ration       |     1 |       ||     1
Armor: Robe              |    18 |       ||    18
Dodge: Dodged            |    71 |     2 ||    73
